 Dungeon Crawl Stone Soup version 0.26-a0-597-gb535b0901c (webtiles) character file.

Game seed: 11523525732698179637

(classic levelgen) 55027 EnegeticOcto the Severer (level 14, 0/132 HPs)
             Began as a Deep Dwarf Fighter on Aug 27, 2020.
             Was the Champion of Makhleb.
             Slain by an enormous slime creature (73 damage)
             ... on level 13 of the Dungeon.
             The game lasted 00:08:31 (10508 turns).

EnegeticOcto the Severer (Deep Dwarf Fighter)      Turns: 10508, Time: 00:08:32

Health: 0/132      AC: 27    Str: 25    XL:     14   Next: 36%
Magic:  13/13      EV:  7    Int:  9    God:    Makhleb [******]
Gold:   990        SH: 13    Dex: 14    Spells: 13/13 levels left

rFire    x . .     SeeInvis +   b - +4 war axe (vorpal)
rCold    . . .     Faith    .   c - +0 kite shield
rNeg     + . .     Spirit   .   w - +0 plate armour
rPois    .         Reflect  .   l - +0 helmet of the Desolation of Salt {Harm rElec rF- Dex+2}
rElec    +         Harm     +   A - +0 cloak
rCorr    .                      x - +0 pair of gloves
MR       ++...                  k - +2 pair of boots
Stlth    ..........             B - amulet of the acrobat
HPRegen  0.00/turn              E - +4 ring of protection
MPRegen  0.13/turn              v - ring of see invisible

@: lethally poisoned (0 -> 0), non-regenerating
A: damage resistance, heal wounds, negative energy resistance 1, sense
surroundings 2, no regeneration
a: Heal Wounds, Minor Destruction, Lesser Servant of Makhleb, Major Destruction,
Greater Servant of Makhleb, Renounce Religion


You were on level 13 of the Dungeon.
You worshipped Makhleb.
Makhleb was exalted by your worship.
You visited 3 branches of the dungeon, and saw 19 of its levels.
You also visited: Sewer.

You collected 990 gold pieces.

Inventory:

Hand Weapons
 b - a +4 vorpal war axe (weapon)
Missiles
 z - a throwing net (quivered)
Armour
 c - a +0 kite shield (worn)
 k - a +2 pair of boots (worn)
 l - the +0 helmet of the Desolation of Salt (worn) {Harm rElec rF- Dex+2}
   (You found it on level 4 of the Dungeon)

   It affects your dexterity (+2).
   It makes you vulnerable to fire.
   It insulates you from electricity.
   It increases damage dealt and taken.
 w - a +0 plate armour (worn)
 x - a +0 pair of gloves (worn)
 A - a +0 cloak (worn)
Jewellery
 g - an uncursed ring of positive energy
 v - a ring of see invisible (right hand)
 B - an amulet of the acrobat (around neck)
 E - a +4 ring of protection (left hand)
Wands
 i - a wand of acid (8) {@v1}
 s - a wand of disintegration (28)
 u - a wand of digging (5) {@v3}
 H - a wand of polymorph (5)
Scrolls
 a - 10 scrolls of remove curse {@r2}
 e - 12 scrolls of teleportation {@r3}
 o - 4 scrolls of magic mapping {@r5}
 y - a scroll of enchant weapon
 C - 4 scrolls of identify {@r1}
 D - 2 scrolls of fog
 G - a scroll of enchant armour
Potions
 d - 4 potions of might {@q3}
 f - 2 potions of cancellation
 h - 6 potions of ambrosia
 j - 5 potions of curing {@q1}
 m - a potion of berserk rage
 n - a potion of lignification {unknown}
 p - 4 potions of stabbing {@q5}
 q - 2 potions of flight
 r - 3 potions of heal wounds {unknown}
 t - a potion of mutation {unknown}
 I - a potion of degeneration {unknown}
 J - a potion of haste {unknown}
Miscellaneous
 F - a condenser vane (2/2)


   Skills:
 + Level 10.2 Fighting
 * Level 15.9 Axes
 + Level 12.0 Armour
 + Level 12.1 Shields
 + Level 11.8 Invocations


You had 13 spell levels left.
You didn't know any spells.
Your spell library was empty.

Dungeon Overview and Level Annotations

Branches:
Dungeon (13/15)            Temple (1/1) D:6            Lair (5/6) D:10
  Swamp (0/4) Lair:2       Spider (0/4) Lair:2        Slime (0/5) Lair:5
    Orc (0/2) D:11         Vaults (0/5) D:13          Sewer (visited)

Altars:
Ashenzari
Cheibriados
Dithmenos
Elyvilon
Fedhas
Gozag
Hepliaklqana
Kikubaaqudgha
Makhleb
Nemelex Xobeh
Okawaru
Qazlal
Ru
Sif Muna
Trog
Uskayaw
Vehumet
Wu Jian
Xom
Yredelemnul
Zin
The Shining One
Jiyva

Annotations:
D:6 3 runed translucent doors, MirrMurr's ghost, novice HuBe
D:8 1 runed translucent door
D:11 2 transporters, Vim Ytza's ghost, journeyman MfIE
Lair:2 1 runed translucent door, Honeal's ghost, journeyman HuAr
Lair:4 3 runed translucent doors, exclusion: oklob plant, Nuladee's ghost, journeyman TrMo
Lair:5 2 transporters, donkeybrains's ghost, journeyman HOMo


Innate Abilities, Weirdness & Mutations

You are resistant to damage.
You can heal yourself by infusing magical energy.
You resist negative energy. (rN+)
You passively map the area around you.
You do not regenerate.


Message History

You slash the centaur!
The centaur is almost dead.
You closely miss the killer bee. You block the killer bee's attack.
The centaur closely misses you.
A slime creature comes into view.
The killer bee completely misses you.
The centaur shoots an arrow.
The arrow barely misses you.
The slime creature quivers.
You slash the centaur!
You kill the centaur!
Makhleb accepts your kill.
You feel better.
You completely miss the killer bee. The killer bee stings you.
You are more poisoned.
The killer bee poisons you!
You hit the killer bee.
The killer bee is moderately wounded.
You hit the centaur. You block the killer bee's attack.
The centaur unwields a +0 shortbow.
The centaur hits you but does no damage.
The killer bee stings you but does no damage.
You miss the killer bee.
The killer bee is moderately wounded.
You hit the killer bee. You hit the centaur but do no damage.
You block the killer bee's attack. x2; You block the centaur's attack.
You slash the killer bee!
You kill the killer bee!
Makhleb accepts your kill.
You feel better.
You hit the killer bee. You completely miss the centaur.
You block the killer bee's attack.
The centaur hits you but does no damage.
The killer bee barely misses you.
You slash the killer bee!
You kill the killer bee!
Makhleb accepts your kill.
You barely miss the centaur. You block the centaur's attack.
You slash the centaur!
The centaur is severely wounded.
You slash the centaur!
You kill the centaur!
Makhleb accepts your kill. You block the centaur's attack.
A slime creature comes into view.
The slime creature quivers.
You slice the centaur!!
You kill the centaur!
Makhleb accepts your kill.
A slime creature comes into view.
The slime creature quivers.
A slime creature comes into view. x2
Items here: ( ) †††.
The slime creature quivers.
You slice the slime creature!!
The slime creature is moderately wounded.
You block the slime creature's attack.
The slime creature jiggles.
You slice the slime creature!!
The slime creature is almost dead.
Two slime creatures merge to form a large slime creature.
A slime creature comes into view.
The slime creature hits you but does no damage.
The slime creature quivers.
You slash the slime creature!
You kill the slime creature!
Makhleb accepts your kill.
Two slime creatures merge to form a very large slime creature.
You slash the bullfrog skeleton!
The bullfrog skeleton is heavily damaged.
You block the bullfrog skeleton's attack.
You slash the bullfrog skeleton!
You destroy the bullfrog skeleton!
Makhleb accepts your kill.
There are monsters nearby!
There are monsters nearby!
There are monsters nearby!
The slime creature misses you.
You slash the slime creature!
The slime creature is moderately wounded.
The slime creature hits you but does no damage.
You hit the slime creature.
The slime creature is heavily wounded.
You block the slime creature's attack.
Two slime creatures merge to form an enormous slime creature.
You slice the enormous slime creature!!
The enormous slime creature is moderately wounded.
You hit the enormous slime creature.
The enormous slime creature is moderately wounded.
You barely miss the enormous slime creature.
The enormous slime creature is moderately wounded.
The enormous slime creature hits you!!!
You hear a shout! x2
You barely miss the enormous slime creature.
The enormous slime creature is moderately wounded.
You block the enormous slime creature's attack.
You slash the enormous slime creature!
The enormous slime creature is moderately wounded.
You slash the enormous slime creature!
The enormous slime creature is moderately wounded.
The enormous slime creature hits you!!!
Ouch! That really hurt!
You die...

* , , , , ,, , ,
* .... , * ,
,..., , , ,,... ,
,,, , * #.. , *,
+ , '.## * *
#J',, * , ,* #J#
, * .#######@# ,
, ...)...))# , ,
* * , *
.......(.###### ,
,
*,...............
, ,,, *
####...$.......,
* #.)......... ,
#........... *
#(........$. ,
#...)....... ,,


You could see an enormous slime creature and a slime creature.

Vanquished Creatures
  7 hydras
  A centaur warrior (D:13)
  An ogre mage (D:13)
  8 two-headed ogres
  5 death yaks (Lair:3)
  Nergalle (Lair:4)
  A skeletal warrior (D:13)
  An ugly thing (D:13)
  Joseph (D:9)
  3 black mambas
  15 elephants (Lair:5)
  2 centaur zombies
  3 centaur skeletons
  5 cane toads
  A gargoyle (D:12)
  7 rime drakes
  5 komodo dragons
  An efreet (D:13)
  A tengu conjurer (D:12)
  3 yaktaurs (D:13)
  A queen bee (D:10)
  3 trolls (D:12)
  4 jumping spiders (Lair:2)
  12 blink frogs
  Prince Ribbit (D:5)
  8 slime creatures
  A polar bear (Lair:2)
  A harpy skeleton (D:13)
  Grinder (D:5)
  5 dream sheep (Lair:5)
  7 hippogriffs
  2 redbacks (Lair:2)
  A wraith (D:12)
  A wyvern (D:12)
  A vampire (D:11)
  24 yaks
  Grum (D:11)
  5 basilisks
  2 steam dragons
  3 wargs (D:10)
  A swamp worm (Lair:2)
  2 soldier ants
  7 water moccasins
  7 porcupines
  5 orc warriors
  4 sky beasts
  5 black bears
  A necrophage (D:11)
  3 phantoms
  3 ice beasts
  12 ogres
  2 wolves (D:11)
  8 centaurs
  7 crocodiles
  2 big kobolds
  2 wyvern zombies
  Blork the orc (D:5)
  A gnoll sergeant (D:5)
  13 bullfrogs
  2 scorpions
  37 killer bees
  22 wights
  3 howler monkeys
  2 electric eels (Lair:3)
  11 orc wizards
  8 orc priests
  4 bullfrog skeletons
  3 hounds
  3 jellies
  7 iguanas
  6 worker ants
  A killer bee zombie (D:9)
  5 hound skeletons
  A worker ant zombie (D:7)
  A howler monkey skeleton (D:11)
  13 adders
  2 river rats
  2 shadow imps
  4 white imps
  2 ufetubi
  An ooze (D:5)
  2 adder skeletons
  2 worms
  3 dart slugs
  6 leopard geckos
  47 orcs
  3 ball pythons
  4 giant cockroaches
  5 goblins
  4 hobgoblins
  13 jackals
  8 kobolds
  5 quokkas
  3 bats
  2 frilled lizards (D:2)
  A jackal skeleton (D:4)
  5 rats
495 creatures vanquished.

Vanquished Creatures (others)
  A leopard gecko zombie (D:7)
  7 fungi
  11 plants
19 creatures vanquished.

Grand Total: 514 creatures vanquished

Notes
Turn   | Place    | Note
-------+----------+-------------------------------------------
     0 | D:1      | EnegeticOcto the Deep Dwarf Fighter began the quest for the
                  | Orb.
     0 | D:1      | Reached XP level 1. HP: 20/20 MP: 1/1
    82 | D:1      | Reached XP level 2. HP: 24/27 MP: 2/2
   177 | D:2      | Reached skill level 3 in Axes
   177 | D:2      | Reached XP level 3. HP: 21/33 MP: 3/3
   312 | D:3      | Found a white marble altar of Elyvilon.
   388 | D:3      | Reached XP level 4. HP: 24/42 MP: 4/4
   875 | D:4      | Got a spiked helmet
   881 | D:4      | Identified the cursed +0 helmet of the Desolation of Salt
                  | {Harm rElec rF- Dex+2} (You found it on level 4 of the
                  | Dungeon)
   941 | D:4      | HP: 1/42 [iguana (7)]
  1263 | D:5      | Entered Level 5 of the Dungeon
  1270 | D:5      | Reached skill level 4 in Axes
  1288 | D:5      | Noticed an ice beast
  1288 | D:5      | Noticed a centaur
  1298 | D:5      | Killed a centaur
  1298 | D:5      | Reached XP level 5. HP: 20/49 MP: 5/5
  1314 | D:5      | Noticed a phantom
  1331 | D:5      | Reached XP level 6. HP: 35/56 MP: 5/5
  1373 | D:5      | Reached skill level 5 in Axes
  1398 | D:5      | Killed an ice beast
  1404 | D:5      | Reached XP level 7. HP: 36/64 MP: 6/6
  1458 | D:5      | Reached skill level 5 in Armour
  1458 | D:5      | Reached skill level 5 in Shields
  1496 | D:5      | Reached skill level 6 in Axes
  1499 | D:5      | Noticed Blork the orc
  1517 | D:5      | Killed Blork the orc
  1606 | D:5      | Noticed Prince Ribbit
  1765 | D:5      | Killed Prince Ribbit
  1765 | D:5      | Reached XP level 8. HP: 33/73 MP: 7/7
  1834 | D:5      | Noticed Grinder
  1846 | D:5      | Killed Grinder
  1846 | D:5      | Reached skill level 7 in Axes
  1910 | D:6      | Found a glowing drain.
  1921 | D:6      | Reached skill level 5 in Fighting
  1957 | D:6      | Found a hide-covered altar of Uskayaw.
  1983 | Sewer    | Entered a sewer
  2078 | Sewer    | Found a white marble altar of Elyvilon.
  2133 | D:6      | Reached skill level 8 in Axes
  2219 | D:6      | Gained mutation: You passively map the area around you.
                  | [Deep Dwarf growth]
  2219 | D:6      | Reached XP level 9. HP: 72/81 MP: 5/5
  2287 | D:6      | Found a runed translucent gate.
  2287 | D:6      | Found a runed translucent gate.
  2288 | D:6      | Found a runed translucent gate.
  2303 | D:6      | Found an opulent altar of Gozag.
  2305 | D:6      | Noticed MirrMurr's ghost (novice HuBe)
  2529 | D:6      | Found a staircase to the Ecumenical Temple.
  2575 | Temple   | Entered the Ecumenical Temple
  2724 | Temple   | Became a worshipper of Makhleb the Destroyer
  2823 | D:7      | Reached skill level 9 in Axes
  2894 | D:7      | Reached skill level 1 in Invocations
  3320 | D:7      | Reached * piety under Makhleb
  3334 | D:7      | Found a hazy altar of Hepliaklqana.
  3334 | D:7      | Found a stormy altar of Qazlal.
  3338 | D:7      | Found a white marble altar of Elyvilon.
  3340 | D:7      | Found a shimmering blue altar of Sif Muna.
  3341 | D:7      | Found a shattered altar of Ashenzari.
  3463 | D:7      | Found a shimmering altar of Xom.
  3606 | D:8      | Reached skill level 10 in Axes
  3618 | D:8      | Found a shadowy altar of Dithmenos.
  3618 | D:8      | Found a blossoming altar of Fedhas.
  3638 | D:8      | Reached XP level 10. HP: 75/92 MP: 4/4
  3866 | D:8      | Noticed a two-headed ogre
  3870 | D:8      | Killed a two-headed ogre
  3889 | D:8      | Noticed a two-headed ogre
  3897 | D:8      | Killed a two-headed ogre
  3949 | D:8      | Reached ** piety under Makhleb
  3949 | D:8      | Reached skill level 5 in Invocations
  3951 | D:8      | Noticed a sixfirhy
  3952 | D:8      | Found a runed translucent door.
  4212 | D:9      | Reached skill level 11 in Axes
  4230 | D:9      | Noticed Joseph
  4243 | D:9      | Killed Joseph
  4636 | D:9      | Reached XP level 11. HP: 83/100 MP: 7/7
  5011 | D:10     | Entered Level 10 of the Dungeon
  5039 | D:10     | Found a staircase to the Lair.
  5106 | D:10     | Reached *** piety under Makhleb
  5367 | D:10     | Found an ancient bone altar of Kikubaaqudgha.
  5397 | D:10     | Reached skill level 12 in Axes
  5431 | D:10     | Noticed a two-headed ogre
  5438 | D:10     | Killed a two-headed ogre
  5657 | D:10     | Found a bloodstained altar of Trog.
  5657 | D:10     | Found a sacrificial altar of Ru.
  5659 | D:10     | Found a shimmering altar of Xom.
  5659 | D:10     | Found a glowing silver altar of Zin.
  5659 | D:10     | Found a blossoming altar of Fedhas.
  5713 | D:11     | Noticed a two-headed ogre
  5714 | D:11     | Found a white marble altar of Elyvilon.
  5720 | D:11     | Killed a two-headed ogre
  5847 | D:11     | Reached **** piety under Makhleb
  5905 | D:11     | Noticed Grum
  5916 | D:11     | Killed Grum
  5995 | D:11     | Found a staircase to the Orcish Mines.
  6078 | D:11     | Noticed Vim Ytza's ghost (journeyman MfIE)
  6089 | D:11     | Found a transporter.
  6100 | D:11     | Found a transporter.
  6332 | D:11     | Noticed a two-headed ogre
  6338 | D:11     | Killed a two-headed ogre
  6597 | Lair:1   | Entered Level 1 of the Lair of Beasts
  6702 | Lair:1   | Noticed a six-headed hydra
  6716 | Lair:1   | Killed a 14-headed hydra
  6716 | Lair:1   | Reached XP level 12. HP: 89/110 MP: 9/9
  6823 | Lair:1   | Noticed a seven-headed hydra
  6828 | Lair:1   | Killed an eight-headed hydra
  6828 | Lair:1   | Reached skill level 13 in Axes
  6883 | Lair:2   | Found a hole to the Spider Nest.
  6921 | Lair:2   | Reached skill level 10 in Armour
  6930 | Lair:2   | Found a runed translucent door.
  7019 | Lair:2   | Reached skill level 10 in Shields
  7370 | Lair:2   | Noticed a six-headed hydra
  7380 | Lair:2   | Killed a 13-headed hydra
  7393 | Lair:2   | Noticed a four-headed hydra
  7401 | Lair:2   | Killed a five-headed hydra
  7404 | Lair:2   | Found a staircase to the Swamp.
  7677 | Lair:2   | Noticed Honeal's ghost (journeyman HuAr)
  7899 | Lair:3   | Noticed a death yak
  7900 | Lair:3   | Noticed a death yak
  7900 | Lair:3   | Noticed a death yak
  7901 | Lair:3   | Noticed a death yak
  7902 | Lair:3   | Noticed a death yak
  7909 | Lair:3   | Killed a death yak
  7910 | Lair:3   | Killed a death yak
  7910 | Lair:3   | Noticed a seven-headed hydra
  7919 | Lair:3   | Killed a death yak
  7919 | Lair:3   | Killed a death yak
  7922 | Lair:3   | Killed a death yak
  7922 | Lair:3   | Reached skill level 14 in Axes
  7936 | Lair:3   | Killed a 19-headed hydra
  8155 | Lair:3   | You fall into a shaft and drop 2 floors!
  8166 | Lair:5   | Reached XP level 13. HP: 68/121 MP: 11/11
  8167 | Lair:5   | Reached ***** piety under Makhleb
  8169 | Lair:5   | Reached skill level 10 in Invocations
  8414 | Lair:5   | Noticed donkeybrains's ghost (journeyman HOMo)
  8443 | Lair:5   | Found a transporter.
  8445 | Lair:5   | Found a transporter.
  8634 | Lair:5   | Found a viscous altar of Jiyva.
  8634 | Lair:5   | Found a staircase to the Slime Pits.
  8832 | Lair:4   | Found a runed translucent gate.
  8833 | Lair:4   | Found a runed translucent gate.
  8834 | Lair:4   | Found a runed translucent gate.
  8838 | Lair:4   | Noticed Nuladee's ghost (journeyman TrMo)
  8861 | Lair:4   | Noticed Nergalle
  8881 | Lair:4   | Killed Nergalle
  8881 | Lair:4   | Reached skill level 15 in Axes
  9548 | D:12     | Gained mutation: You resist negative energy. (rN+) [Deep
                  | Dwarf growth]
  9548 | D:12     | Reached XP level 14. HP: 130/130 MP: 13/13
  9586 | D:12     | Reached ****** piety under Makhleb
  9877 | D:13     | Reached skill level 10 in Fighting
 10040 | D:13     | Found a gate to the Vaults.
 10508 | D:13     | Slain by an enormous slime creature

Illustrated notes

Levels and vault maps discovered:
D:1:      eino_arrival_cavern_a, layout_rooms
D:2:      layout_basic, uniq_sigmund, uniq_robin, uniq_natasha
D:3:      layout_basic, hangedman_decor_clover_reticule,
          chequers_hall_statues_wall_a, hangedman_decor_growths,
          elyvilon_altar_1
D:4:      layout_loops_corners, glass_columns_b
D:5:      minmay_clustersquares, layout_cave_pools, uniq_prince_ribbit1,
          uniq_blork_the_orc, uniq_grinder
D:6:      layout_rooms, kennysheep_mini, minmay_temple_entry_fiery,
          ebering_ghost_gozag, portal_sewer_entry_a
D:7:      layout_gridville, grunt_temple_overflow_open, marbit_many_paths
D:8:      cheibrodos_shockbox, layout_cave_pools,
          gammafunk_temple_overflow_elements
D:9:      layout_basic, uniq_joseph
D:10:     layout_roguey [special_room_bee], erik_lair_orcish_takeover,
          grunt_ogre_cave, doesnt_xom_only_xom
D:11:     layout_loops_corners, orc_0_dummy, basic_altar, gammafunk_ghost_hive,
          uniq_grum
D:12:     layout_roguey
D:13:     layout_irregular_city, hangedman_vaults_entry_quadrant_bands,
          serial_shops, shop
Temple:   oiseaux_autumnal_temple
Lair:1:   layout_chaotic_city, nicolae_quartered_pool_super,
          infiniplex_staircase_pool_2, lemuel_fruit_tree, serial_bayou_shore_a
Lair:2:   layout_gridlike, palyth_hydra_swamp_entry,
          nicolae_spider_entry_tight_spaces, ebering_ghost_reflecting_pool,
          chequers_serial_rivers_large_a, minmay_hedge_maze, minivault_25
Lair:3:   layout_regular_city, serial_bayou_shore_b, grunt_megastairs_5,
          infiniplex_staircase_pool
Lair:4:   layout_hall_layers, ebering_ghost_rock_garden, minmay_lair_drake_nest,
          grunt_megastairs_1, uniq_nergalle
Lair:5:   layout_cave_shapes, dpeg_slime_entry_enclosed_altar,
          gammafunk_ghost_hive

Skill      XL: |  1  2  3  4  5  6  7  8  9 10 11 12 13 14 |
---------------+-------------------------------------------+-----
Axes           | 3 4 5 6 8 10 11 12 14 15 | 15.9
Fighting       | 3 4 5 6 7 8 9 10 | 10.2
Armour         | 4 5 6 7 8 9 10 11 12 | 12.0
Shields        | 4 5 6 7 8 9 10 11 12 | 12.1
Invocations    | 3 6 8 9 11 | 11.8

Action                   |  1- 3 |  4- 6 |  7- 9 | 10-12 | 13-15 || total
-------------------------+-------+-------+-------+-------+-------++-------
Melee: War axe           |    81 |   123 |   321 |   512 |   429 ||  1466
 Abil: Heal Wounds       |       |     6 |    23 |     8 |     3 ||    40
Evoke: Wand              |       |       |       |    13 |       ||    13
  Use: Scroll            |       |       |     8 |    10 |     5 ||    23
Armor: Scale mail        |    45 |    49 |   109 |       |       ||   203
       Chain mail        |       |       |    82 |     1 |       ||    83
       Plate armour      |       |       |       |   358 |   241 ||   599
Dodge: Dodged            |    44 |    42 |   107 |   135 |   114 ||   442
Block: Kite shield       |    49 |    70 |   207 |   385 |   323 ||  1034

Table legend: (Time is in decaauts)
 A = Elapsed time spent in this place.
 B = Non-inter-level travel time spent in this place.
 C = Inter-level travel time spent in this place.
 D = Time resting spent in this place.
 E = Time spent auto-exploring this place.
 F = Levels seen in this place.
 G = Mean time per level.
                   A        B        C        D        E       F      G
               +--------+--------+--------+--------+--------+-----+--------+
         Total |  10549 |   9803 |    746 |     22 |   7185 |  20 |  527.5 |
       Dungeon |   7487 |   6999 |    488 |      0 |   4972 |  13 |  575.9 |
        Temple |    183 |    131 |     52 |      0 |    128 |   1 |  183.0 |
          Lair |   2710 |   2505 |    205 |     22 |   1972 |   5 |  542.0 |
         Sewer |    167 |    167 |      0 |      0 |    112 |   1 |  167.0 |
               +--------+--------+--------+--------+--------+-----+--------+

Top non-repeatable levels by time:
  Lair:2: 1031 daAuts
    D:11: 892 daAuts
     D:4: 866 daAuts
     D:9: 831 daAuts
     D:7: 802 daAuts
    D:10: 716 daAuts
     D:5: 692 daAuts
    D:13: 628 daAuts
     D:6: 590 daAuts
     D:8: 584 daAuts
  Lair:4: 534 daAuts
  Lair:5: 518 daAuts
    D:12: 434 daAuts
  Lair:3: 322 daAuts
  Lair:1: 302 daAuts
